 Dungeon Crawl Stone Soup version 0.30.0-29-ga12c61a403 (webtiles) character file.

Game seed: 16299202042292491875

59 Graphine the Trooper (level 4, -7/40 HPs)
             Began as a Hill Orc Fighter on June 20, 2023.
             Killed by nerve-wracking pain
             ... invoked by an orc priest
              (11 damage)
             ... on level 3 of the Dungeon.
             The game lasted 00:04:14 (2205 turns).

Graphine the Trooper (Hill Orc Fighter)             Turns: 2205, Time: 00:04:14

Health: -7/40      AC: 14    Str: 20    XL:     4   Next: 3%
Magic:  5/5        EV:  7    Int:  8    God:
Gold:   110        SH:  4    Dex: 10    Spells: 3/3 levels left

rFire   . . .        a - +0 war axe
rCold   . . .        c - +0 buckler
rNeg    . . .        n - +0 chain mail
rPois   +            (no helmet)
rElec   .            l - +0 cloak
rCorr   .            (no gloves)
SInv    .            (no boots)
Will    .....        (no amulet) Stlth
                     i - +4 ring of protection
HPRegen 0.26/turn    j - ring of poison resistance
MPRegen 0.09/turn

%: no passive effects
@: no status effects
A: no striking features
a: Convert to Beogh


You were on level 3 of the Dungeon.
You visited 1 branch of the dungeon, and saw 3 of its levels.

You collected 110 gold pieces.

Inventory:

Hand Weapons
 a - a +0 war axe (weapon)
Armour
 c - a +0 buckler (worn)
 l - a +0 cloak (worn)
 n - a +0 chain mail (worn)
Jewellery
 i - a +4 ring of protection (left hand)
 j - a ring of poison resistance (right hand)
Scrolls
 e - 3 scrolls of blinking
 f - a scroll of noise
 g - a scroll of teleportation
Potions
 b - a potion of resistance
 d - 2 potions of might
 k - a potion of lignification {unknown}
 m - a potion of brilliance {unknown}


   Skills:
 + Level 4.1 Fighting
 + Level 3.4 Axes
 + Level 3.7 Armour
 + Level 3.7 Shields
 + Level 1.7 Invocations


You had 3 spell levels left.
You didn't know any spells.
Your spell library was empty.

Dungeon Overview and Level Annotations

Branches:
Dungeon (3/15)

Altars:

Shops:
D:1 [


Message History

a +0 falchion; an orc corpse An orc priest comes into view.
It is wielding a +0 flail.
The orc priest shouts, "Surrender to Beogh and we'll let you live!" (press Y on the ability menu to convert to Beogh)
The orc priest shouts!
An orc comes into view. It is wielding a +0 mace.
An orc comes into view. It is wielding a +0 club.
The orc shouts! x2
The orc priest looks satisfied for a moment.
There is a stone staircase leading up here.
You closely miss the orc. You block the orc's attack.
You hit the orc.
The orc is severely wounded.
The orc priest invokes the aid of Beogh against you.
Beogh smites you! The orc hits you but does no damage.
You barely miss the orc.
The orc is severely wounded.
The orc priest calls down the wrath of Beogh upon you.
Beogh smites you!
* * * LOW HITPOINT WARNING * * *
The orc completely misses you. The orc barely misses you.
You are too injured to fight recklessly!
You are too injured to fight recklessly!
Unknown command.
You aren't carrying any items that you can evoke.
Unknown command.
You hit the orc.
You kill the orc!
The orc priest shouts, "Surrender to Beogh and we'll let you live!"
You hit the orc priest.
The orc priest is moderately wounded.
The orc priest calls down the wrath of Beogh upon you.
Pain shoots through your body!
* * * LOW HITPOINT WARNING * * *
You closely miss the orc priest.
The orc priest is moderately wounded.
The orc priest hits you but does no damage.
The orc priest calls down the wrath of Beogh upon you.
Pain shoots through your body!
You die...

###.##.# #......#
#...... #..... #.
#.... .. .o. ###.
#o# .... #@# #..
##.## #..######...#
#.#.......).#......
#......####...#####
#....#.# ##.## #.##
#.# .# . #<# .#
#.#####.#


You could see an orc priest and an orc.

Vanquished Creatures
  An adder (D:2)
  2 dart slugs
  2 orcs (D:3)
  2 ball pythons (D:1)
  3 bats
  2 endoplasms
  6 goblins
  4 hobgoblins (D:1)
  4 jackals (D:1)
  2 quokkas
  3 frilled lizards (D:1)
  3 kobolds (D:1)
  5 rats
39 creatures vanquished.

Notes
Turn   | Place    | Note
-------+----------+-------------------------------------------
     0 | D:1      | Graphine the Hill Orc Fighter began the quest for the Orb.
     0 | D:1      | Reached XP level 1. HP: 19/19 MP: 1/1
    76 | D:1      | Reached XP level 2. HP: 27/27 MP: 2/2
   278 | D:1      | Found Okocagh's Armour Boutique.
   307 | D:1      | Reached skill level 1 in Invocations
   463 | D:1      | Reached XP level 3. HP: 26/33 MP: 3/3
   467 | D:1      | Reached skill level 4 in Fighting
  2195 | D:3      | Reached XP level 4. HP: 40/40 MP: 5/5
  2205 | D:3      | Killed from afar by an orc priest

Illustrated notes

Levels and vault maps discovered:
D:1:      spicycebolla_arrival_ecumenical, layout_basic, serial_shops, shop
D:2:      layout_loops_ring, serial_forest, infiniplex_forest_straight_2,
          infiniplex_forest_lined_3, infiniplex_forest_lined_ring,
          infiniplex_forest_lined_1, infiniplex_forest_lined_room_,
          infiniplex_forest_end_2, infiniplex_forest_lined_2,
          infiniplex_forest_zigzag_1, infiniplex_forest_straight_5,
          infiniplex_forest_straight_4, dk_noncrumbling_2,
          kennysheep_generic_room_7
D:3:      layout_loops_ring, overflow_temple_1_default, kennysheep_another_room

Skill      XL: |  1  2  3 |
---------------+----------+-----
Axes           | 3 |  3.4
Invocations    | 1 |  1.7
Fighting       | 4 |  4.1
Armour         | |  3.7
Shields        | |  3.7

Action                     |  1- 3 |  4- 6 || total
---------------------------+-------+-------++-------
  Melee: War axe           |   102 |     6 ||   108
    Use: Scroll            |     6 |       ||     6
 Armour: Scale mail        |    42 |       ||    42
         Chain mail        |     3 |     2 ||     5
  Dodge: Dodged            |    48 |     2 ||    50
  Block: Buckler           |    27 |     1 ||    28
